 Dungeon Sprint DCSS version 0.28-a0-973-ga7f8b01127 (webtiles) character file.

Game seed: 3113810404125191181

47628 tatocazan the Phalangite (level 14, 0/146 HPs)
             Began as a Minotaur Fighter on Dec 2, 2021.
             Was the Champion of the Shining One.
             Slain by a spriggan berserker (13 damage)
             ... in the Dungeon (Sprint IX: "|||||||||||||||||||||||||||||").
             The game lasted 00:09:49 (4948 turns).

tatocazan the Phalangite (Minotaur Fighter)         Turns: 4948, Time: 00:09:50

Health: 0/146      AC: 31    Str: 30    XL:     14   Next: 9%
Magic:  0/25       EV: 16    Int: 11    God:    the Shining One [******]
Gold:   873        SH:  0    Dex: 10    Spells: 13/13 levels left

rFire   . . .      SeeInvis .   m - +2 halberd of Hygok {spect, rC+ Int+6}
rCold   . . .      Faith    .   (shield currently unavailable)
rNeg    + + +      Spirit   .   w - +5 plate armour of Immorality {+Blink Fly rC- Str+4}
rPois   .          Reflect  .   (helmet restricted)
rElec   .          Harm     .   o - +0 cloak
rCorr   .          Rampage  .   c - +0 pair of gloves
Will    +....      NoTele   +   t - +0 pair of boots
Stlth   ..........              (no amulet)
HPRegen 0.34/turn               p - +2 ring of evasion
MPRegen 0.19/turn               q - +2 ring of protection

@: flying, glowing
A: horns 2, retaliatory headbutt
a: Renounce Religion, Evoke Blink, Divine Shield, Cleansing Flame, Summon Divine
Warrior, Brand Weapon With Holy Wrath


You were in the Dungeon.
You worshipped the Shining One.
The Shining One was exalted by your worship.
You visited 1 branch You collected 1920 gold pieces.
You spent 1047 gold pieces at shops.

Inventory:

Hand Weapons
 m - the +2 halberd of Hygok (weapon) {spect, rC+ Int+6}
   (You found it in the Dungeon)

   When its wielder attacks, the weapon's spirit leaps out and strikes again.
   The spirit shares a part of any damage it takes with its wielder.
   Int:       It affects your intelligence (+6).
   rC:        It protects you from cold.
 n - a +4 quarterstaff of speed
Missiles
 C - 2 throwing nets (quivered)
Armour
 b - a +0 plate armour
 c - a +0 pair of gloves (worn)
 o - a +0 cloak (worn)
 t - a +0 pair of boots (worn)
 w - the +5 plate armour of Immorality (worn) {+Blink Fly rC- Str+4}
   (You bought it in a shop in the Dungeon)

   Str:       It affects your strength (+4).
   rC:        It makes you vulnerable to cold.
   Fly:       It grants you flight.
   +Blink:    It lets you blink.
 A - a +1 tower shield
 B - a +1 cloak
Jewellery
 a - a ring of see invisible
 p - a +2 ring of evasion (left hand)
 q - a +2 ring of protection (right hand)
 x - a ring of fire
 y - a ring of protection from cold
 z - a ring of protection from cold
Wands
 l - a wand of acid (10)
 D - a wand of iceblast (10)
 E - a wand of paralysis (10)
Scrolls
 i - 4 scrolls of enchant armour
 j - a scroll of blinking
 k - 2 scrolls of amnesia
 r - 3 scrolls of identify
 s - 2 scrolls of fog
 u - 3 scrolls of fear
 v - a scroll of summoning
Potions
 d - 2 potions of might
 e - 5 potions of curing
 f - 7 potions of heal wounds
 g - a potion of haste
 h - 3 potions of magic


   Skills:
 + Level 19.0 Fighting
 - Level 23.0 Polearms
 + Level 19.0 Armour
 + Level 16.7 Dodging
 - Level 17.5 Shields
 * Level 16.7 Invocations


You had 13 spell levels left.
You didn't know any spells.
Your spell library contained the following spells:

 Spells                   Type           Power      Damage    Failure   Level
 Inner Flame              Hex/Fire       0%         N/A       99%         3
 Cause Fear               Hex            0%         N/A       100%        4
 Discord                  Hex            0%         N/A       100%        8


Dungeon Overview and Level Annotations

Branches:
Dungeon (1/1)

Altars:
Cheibriados
Dithmenos
Elyvilon
Fedhas
Gozag
Hepliaklqana
Kikubaaqudgha
Makhleb
Nemelex Xobeh
Okawaru
Qazlal
Ru
Sif Muna
Trog
Uskayaw
Vehumet
Wu Jian
Xom
Yredelemnul
Zin
The Shining One
Beogh
Jiyva
Lugonu

Shops:
D ?(([


Innate Abilities, Weirdness & Mutations

You have a pair of horns on your head.
You reflexively headbutt those who attack you in melee.


Message History

You feel your power leaking away.
You take 6 damage, and have 102/146 hp.
You now have 23/25 mp.
You hit the spriggan berserker.
The spriggan berserker is lightly wounded.
Your +2 halberd of Hygok {spect, rC+ Int+6} hits the spriggan berserker from afar!!
The spriggan berserker hits you with a +2 antimagic quarterstaff!!
You feel your power leaking away.
You take 26 damage, and have 76/146 hp.
You now have 1/25 mp.
You barely miss the spriggan berserker.
Your headbutt misses the spriggan berserker.
The spriggan berserker is moderately wounded.
Your +2 halberd of Hygok {spect, rC+ Int+6} barely misses the spriggan berserker.
The spriggan berserker hits you with a +2 antimagic quarterstaff!!
You feel your power leaking away.
You take 32 damage, and have 44/146 hp.
MASSIVE DAMAGE!!
You now have 0/25 mp.
You impale the spriggan berserker!!
The spriggan berserker is heavily wounded.
Your +2 halberd of Hygok {spect, rC+ Int+6} hits the spriggan berserker from afar!!
The spriggan berserker misses you. You furiously retaliate!
You headbutt the spriggan berserker, but do no damage.
You barely miss the spriggan berserker.
You headbutt the spriggan berserker, but do no damage.
The spriggan berserker is severely wounded.
Your +2 halberd of Hygok {spect, rC+ Int+6} misses the spriggan berserker.
The spriggan berserker hits you with a +2 antimagic quarterstaff!!
* * * LOW HITPOINT WARNING * * *
You take 23 damage, and have 21/146 hp.
You hit the spriggan berserker.
Your headbutt misses the spriggan berserker.
The spriggan berserker is severely wounded.
Your +2 halberd of Hygok {spect, rC+ Int+6} completely misses the spriggan berserker.
The spriggan berserker hits you but does no damage.
Okay, then.
You feel much better.
The spriggan berserker is no longer regenerating.
The spriggan berserker is no longer strong-willed.
The spriggan berserker hits you with a +2 antimagic quarterstaff!!
* * * LOW HITPOINT WARNING * * *
The spriggan berserker hits you with a +2 antimagic quarterstaff!
You die...

.▓.▓)▓.▓.▓.▓.▓.▓.▓
.▓.▓.▓.▓.▓.▓.▓.▓.▓
.▓.▓)▓.▓)▓.▓'▓.▓[▓
.▓.▓.▓.▓)▓.▓)▓.▓[▓
.▓.▓)▓.▓)▓.▓)▓.▓(▓
.▓.▓.▓.▓)▓.▓)▓.▓)▓
.▓.▓)▓.▓)▓.▓.▓.▓)▓
.▓.▓)▓.▓)▓.▓)▓.▓§▓
[▓.▓)▓.▓)▓.▓)▓.▓@▓
.▓.▓.▓.▓)▓.▓.▓.▓i▓
.▓.▓.▓.▓.▓.▓)▓.▓h▓
.▓.▓.▓.▓[▓.▓.▓.▓R▓
.▓.▓.▓.▓[▓.▓)▓.▓.▓
.▓.▓.▓.▓.▓.▓)▓.▓.▓
.▓.▓)▓.▓[▓.▓)▓.▓.▓
.▓.▓)▓.▓[▓.▓)▓.▓.▓
.▓.▓)▓.▓)▓.▓)▓.▓


You could see a rakshasa, a spriggan berserker (berserk) and a polar bear
(summoned, berserk).

Vanquished Creatures
  A walking frostbound tome (D)
  A tengu reaver (D)
  An emperor scorpion (D)
  Aizul (D)
  A stone giant (D)
  2 eleionomae (D)
  A bunyip (D)
  Azrael (D)
  A spark wasp (D)
  A fire dragon (D)
  A great orb of eyes (D)
  A rakshasa (D)
  A spriggan air mage (D)
  A salamander tyrant (D)
  2 centaur warriors (D)
  A boulder beetle (D)
  An alligator (D)
  A hydra (D)
  A satyr (D)
  A merfolk aquamancer (D)
  An ogre mage (D)
  A deep troll shaman (D)
  A merfolk avatar (D)
  2 tengu warriors (D)
  A salamander mystic (D)
  A goliath frog (D)
  A spriggan druid (D)
  A naga ritualist (D)
  2 orc knights (D)
  A mana viper (D)
  A salamander (D)
  An orc sorcerer (D)
  2 manticores (D)
  A moth of wrath (D)
  A cyclops (D)
  2 wolf spiders (D)
  4 black mambas (D)
  A naga mage (D)
  2 cane toads (D)
  2 komodo dragons (D)
  A yaktaur (D)
  A tengu conjurer (D)
  4 demonic crawlers (D)
  2 trolls (D)
  4 merfolk (D)
  A jumping spider (D)
  A tyrant leech (D)
  2 hornets (D)
  A snapping turtle (D)
  A dream sheep (D)
  A water elemental (D)
  A shadow (D)
  2 spriggans (D)
  2 yaks (D)
  3 basilisks (D)
  3 fire elementals (D)
  2 wargs (D)
  An acid dragon (D)
  3 water moccasins (D)
  5 hell hounds (D)
  17 orc warriors (D)
  A black bear (D)
  5 wolves (D)
  2 bullfrogs (D)
  A scorpion (D)
  4 orc priests (D)
  3 orc wizards (D)
  2 adders (D)
  An adder zombie (D)
  7 orcs (D)
  A bat zombie (D)
  A giant cockroach (D)
  2 ball pythons (D)
  A ball python skeleton (D)
  2 bats (D)
142 creatures vanquished.

Vanquished Creatures (collateral kills)
  A tengu reaver (D)
  A fire giant (D)
  A very ugly thing (D)
  A stone giant (D)
  2 hydras (D)
  A tengu warrior (D)
  A deep troll earth mage (D)
  2 vampire magi (D)
  A spriggan berserker (D)
  A naga sharpshooter (D)
  5 orc knights (D)
  A wizard (D)
  A necromancer (D)
  A naga mage (D)
20 creatures vanquished.

Grand Total: 162 creatures vanquished

Notes
Turn   | Place    | Note
-------+----------+-------------------------------------------
     0 | D        | tatocazan the Minotaur Fighter began the quest for the Orb.
     0 | D        | Reached XP level 1. HP: 19/19 MP: 0/0
    14 | D        | Reached skill level 3 in Polearms
    22 | D        | Noticed a scorpion
    26 | D        | Reached XP level 2. HP: 28/28 MP: 1/1
    32 | D        | Killed a scorpion
    33 | D        | Reached skill level 5 in Polearms
    33 | D        | Reached XP level 3. HP: 16/37 MP: 2/2
    33 | D        | Reached XP level 4. HP: 19/44 MP: 3/3
   314 | D        | Found a snail-covered altar of Cheibriados.
   314 | D        | Found a shadowy altar of Dithmenos.
   314 | D        | Found a white marble altar of Elyvilon.
   314 | D        | Found a blossoming altar of Fedhas.
   314 | D        | Found an opulent altar of Gozag.
   315 | D        | Found a hazy altar of Hepliaklqana.
   316 | D        | Found a viscous altar of Jiyva.
   317 | D        | Found an ancient bone altar of Kikubaaqudgha.
   318 | D        | Found a corrupted altar of Lugonu.
   319 | D        | Found a burning altar of Makhleb.
   320 | D        | Found a sparkling altar of Nemelex Xobeh.
   321 | D        | Found an iron altar of Okawaru.
   322 | D        | Found a stormy altar of Qazlal.
   323 | D        | Found a sacrificial altar of Ru.
   324 | D        | Found a shimmering blue altar of Sif Muna.
   325 | D        | Found a bloodstained altar of Trog.
   326 | D        | Found a hide-covered altar of Uskayaw.
   327 | D        | Found a radiant altar of Vehumet.
   328 | D        | Found an ornate altar of the Wu Jian Council.
   329 | D        | Found a shimmering altar of Xom.
   330 | D        | Found a basalt altar of Yredelemnul.
   331 | D        | Found a glowing silver altar of Zin.
   332 | D        | Found a glowing golden altar of the Shining One.
   341 | D        | Became a worshipper of the Shining One
   349 | D        | Got the +2 halberd of Hygok {spect, rC+ Int+6}
   392 | D        | Noticed a komodo dragon
   392 | D        | Noticed a yak
   392 | D        | Reached * piety under the Shining One
   392 | D        | Noticed a shadow
   392 | D        | Noticed an acid dragon
   392 | D        | Noticed a troll
   392 | D        | Reached ** piety under the Shining One
   398 | D        | Killed a komodo dragon
   399 | D        | Reached skill level 8 in Polearms
   399 | D        | Reached XP level 5. HP: 38/53 MP: 3/6
   399 | D        | Reached XP level 6. HP: 44/61 MP: 3/7
   402 | D        | Killed a yak
   403 | D        | Reached skill level 9 in Polearms
   404 | D        | Killed a shadow
   405 | D        | Reached skill level 10 in Polearms
   405 | D        | Reached skill level 5 in Dodging
   405 | D        | Reached XP level 7. HP: 50/69 MP: 3/9
   407 | D        | Reached skill level 5 in Invocations
   407 | D        | Killed a troll
   408 | D        | Reached skill level 11 in Polearms
   601 | D        | Noticed a troll
   601 | D        | Noticed a boulder beetle
   601 | D        | Reached *** piety under the Shining One
   601 | D        | Noticed a tengu conjurer
   601 | D        | Noticed an eight-headed hydra
   601 | D        | Noticed a manticore
   601 | D        | Noticed a manticore
   604 | D        | Killed a troll
   605 | D        | Reached XP level 8. HP: 65/78 MP: 11/11
   616 | D        | Killed a boulder beetle
   617 | D        | Reached skill level 10 in Fighting
   617 | D        | Reached skill level 12 in Polearms
   617 | D        | Reached skill level 10 in Armour
   617 | D        | Reached skill level 10 in Shields
   620 | D        | Killed an eight-headed hydra
   621 | D        | Reached skill level 13 in Polearms
   621 | D        | Reached XP level 9. HP: 77/86 MP: 11/13
   627 | D        | Killed a tengu conjurer
   632 | D        | Killed a manticore
   633 | D        | Reached skill level 14 in Polearms
   633 | D        | Killed a manticore
  1025 | D        | Noticed a cane toad
  1025 | D        | Reached **** piety under the Shining One
  1025 | D        | Noticed a black mamba
  1025 | D        | Noticed a komodo dragon
  1027 | D        | Killed a cane toad
  1029 | D        | Killed a black mamba
  1029 | D        | Reached ***** piety under the Shining One
  1030 | D        | Reached skill level 15 in Polearms
  1030 | D        | Reached XP level 10. HP: 97/97 MP: 13/15
  1118 | D        | Noticed a black mamba
  1118 | D        | Noticed a cane toad
  1118 | D        | Noticed a black mamba
  1120 | D        | Killed a black mamba
  1127 | D        | Killed a cane toad
  1128 | D        | Reached skill level 10 in Dodging
  1129 | D        | Reached skill level 16 in Polearms
  1130 | D        | Killed a black mamba
  1352 | D        | Reached ****** piety under the Shining One
  1624 | D        | Noticed an orc sorcerer
  1626 | D        | Reached skill level 17 in Polearms
  1626 | D        | Reached XP level 11. HP: 105/107 MP: 17/17
  1633 | D        | Killed an orc sorcerer
  1634 | D        | Reached skill level 10 in Invocations
  1676 | D        | Found Toxek's Magic Scroll Emporium.
  1676 | D        | Noticed an orc knight
  1685 | D        | Killed an orc knight
  1686 | D        | Noticed an orc knight
  1693 | D        | Noticed an orc knight
  1694 | D        | Found Vekhligy's Weapon Shoppe.
  1704 | D        | Killed an orc knight
  1707 | D        | Killed an orc knight
  1708 | D        | Reached skill level 18 in Polearms
  1949 | D        | Found Diceirin's Weapon Emporium.
  1953 | D        | Found Etrevewo's Armour Shoppe.
  1956 | D        | Bought a scroll of fear for 35 gold pieces
  1956 | D        | Bought a scroll of summoning for 95 gold pieces
  1957 | D        | Noticed an orc knight
  1958 | D        | Noticed an orc knight
  1959 | D        | Noticed an orc knight
  1968 | D        | Killed an orc knight
  1971 | D        | Killed an orc knight
  1979 | D        | Killed an orc knight
  2396 | D        | Bought the +5 plate armour of Immorality {+Blink Fly rC-
                  | Str+4} for 917 gold pieces
  2550 | D        | Noticed a centaur warrior
  2550 | D        | Noticed a centaur warrior
  2550 | D        | Noticed an ogre mage
  2550 | D        | Noticed a tengu warrior
  2553 | D        | Noticed an orc knight
  2553 | D        | Noticed a five-headed hydra
  2556 | D        | Killed a centaur warrior
  2557 | D        | Noticed a tengu reaver
  2563 | D        | Killed a centaur warrior
  2566 | D        | Killed an ogre mage
  2567 | D        | Reached skill level 19 in Polearms
  2567 | D        | Noticed a vampire mage
  2569 | D        | Killed a tengu warrior
  2569 | D        | Noticed a spriggan berserker
  2576 | D        | Noticed a flayed ghost
  2576 | D        | Killed an orc knight
  2577 | D        | Reached XP level 12. HP: 86/118 MP: 19/19
  2580 | D        | Killed a six-headed hydra
  2581 | D        | Reached skill level 15 in Armour
  2594 | D        | Killed a tengu reaver
  2595 | D        | Reached skill level 15 in Fighting
  2595 | D        | Reached skill level 15 in Shields
  2596 | D        | Killed a vampire mage
  2615 | D        | Reached skill level 20 in Polearms
  2897 | D        | Noticed a stone giant
  2898 | D        | Noticed a great orb of eyes
  2899 | D        | Noticed a tengu warrior
  2900 | D        | Noticed a rakshasa
  2907 | D        | Killed a stone giant
  2912 | D        | Killed a rakshasa
  2917 | D        | Killed a great orb of eyes
  2926 | D        | Killed a tengu warrior
  3418 | D        | Noticed a salamander tyrant
  3427 | D        | Killed a salamander tyrant
  3438 | D        | Reached skill level 21 in Polearms
  3812 | D        | Noticed a satyr
  3812 | D        | Noticed a merfolk aquamancer
  3817 | D        | Killed a merfolk aquamancer
  3827 | D        | Killed a satyr
  3828 | D        | Noticed a merfolk avatar
  3842 | D        | Reached XP level 13. HP: 82/130 MP: 21/21
  4016 | D        | Noticed an eleionoma
  4023 | D        | Noticed a bunyip
  4029 | D        | Noticed an eleionoma
  4040 | D        | Killed an eleionoma
  4041 | D        | Reached skill level 22 in Polearms
  4057 | D        | Killed a bunyip
  4061 | D        | Killed an eleionoma
  4345 | D        | Noticed a spark wasp
  4348 | D        | Killed a spark wasp
  4349 | D        | Reached skill level 15 in Dodging
  4358 | D        | Noticed an emperor scorpion
  4372 | D        | Killed an emperor scorpion
  4373 | D        | Reached skill level 23 in Polearms
  4447 | D        | Noticed Azrael
  4459 | D        | Killed Azrael
  4517 | D        | Noticed Aizul
  4529 | D        | Killed Aizul
  4867 | D        | Noticed a fire dragon
  4867 | D        | Noticed a green very ugly thing
  4867 | D        | Noticed a stone giant
  4872 | D        | Noticed a fire giant
  4877 | D        | Killed a fire dragon
  4885 | D        | Killed a green very ugly thing
  4886 | D        | Reached skill level 15 in Invocations
  4892 | D        | Killed a stone giant
  4897 | D        | Killed a fire giant
  4912 | D        | Noticed a walking frostbound tome
  4915 | D        | Noticed a tengu reaver
  4923 | D        | HP: 3/136 [walking frostbound tome (55)]
  4929 | D        | Killed a walking frostbound tome
  4930 | D        | Reached XP level 14. HP: 86/144 MP: 22/25
  4940 | D        | Killed a tengu reaver
  4948 | D        | Slain by a spriggan berserker

Illustrated notes

Levels and vault maps discovered:
D:        linesprint [early_d, line_temple, items_1, d_10, items_2, lair_1,
          lair_end, items_3, orc_1, orc_end, items_4, d_15, swamp_1, shoals_1,
          snake_1, spider_1, d_20, vaults_1, items_5, swamp_end, shoals_end,
          snake_end, spider_end, vaults_end, d_27, items_6, zot_1, zot_end,
          crypt_end, forest_end, elf_end, slime_end, tomb_end, abyss_end,
          pan_hell_end]

Skill      XL: |  1  2  3  4  5  6  7  8  9 10 11 12 13 14 |
---------------+-------------------------------------------+-----
Fighting       | 4 6 7 8 9 10 11 13 14 16 18 19 | 19.0
Polearms       | 3 5 8 10 11 13 15 17 19 21 23 | 23.0
Armour         | 4 6 7 8 9 10 11 13 14 16 18 19 | 19.0
Shields        | 4 6 7 8 9 10 11 13 14 16 17 | 17.5
Dodging        | 4 5 6 8 9 10 12 14 16 | 16.7
Invocations    | 3 4 5 7 8 9 11 13 16 | 16.7

Action                   |  1- 3 |  4- 6 |  7- 9 | 10-12 | 13-15 || total
-------------------------+-------+-------+-------+-------+-------++-------
Melee: Trident           |    22 |     8 |       |       |       ||    30
       Headbutt          |     2 |     3 |     9 |    42 |    29 ||    85
       Halberd           |       |    10 |    18 |   204 |   116 ||   348
       Quarterstaff      |       |       |    15 |       |       ||    15
Invok: Summon Divine War |       |       |       |     6 |     2 ||     8
       Divine Shield     |       |       |       |     1 |     2 ||     3
       Cleansing Flame   |       |       |       |       |     9 ||     9
  Use: Potion            |       |       |     1 |     7 |     7 ||    15
       Scroll            |       |       |       |     2 |       ||     2
Armor: Scale mail        |     7 |     3 |       |       |       ||    10
       Chain mail        |       |     4 |    12 |     2 |       ||    18
       Plate armour      |       |       |       |    60 |    53 ||   113
Dodge: Dodged            |    12 |     6 |    11 |    65 |    36 ||   130
Block: Buckler           |     5 |     1 |       |       |       ||     6
       Other             |       |       |       |    10 |    26 ||    36

Table legend: (Time is in decaauts)
 A = Elapsed time spent in this place.
 B = Non-inter-level travel time spent in this place.
 C = Inter-level travel time spent in this place.
 D = Time resting spent in this place.
 E = Time spent auto-exploring this place.
 F = Levels seen in this place.
 G = Mean time per level.
                   A        B        C        D        E       F      G
               +--------+--------+--------+--------+--------+-----+--------+
         Total |   4845 |   4845 |      0 |   3089 |    948 |   1 | 4845.0 |
       Dungeon |   4845 |   4845 |      0 |   3089 |    948 |   1 | 4845.0 |
               +--------+--------+--------+--------+--------+-----+--------+

Top non-repeatable levels by time:
       D: 4845 daAuts
